 Dungeon Crawl Stone Soup version 0.17-a0-1442-g10bb59b (webtiles) character file.

1278 urechis the Grappler (level 8, -6/75 HPs)
             Began as a Troll Monk on June 27, 2015.
             Mangled by a phantom (9 damage)
             ... on level 4 of the Dungeon.
             The game lasted 00:05:41 (2155 turns).

urechis the Grappler (Troll Monk)                   Turns: 2155, Time: 00:05:42

Health: -6/75      AC:  6    Str: 20    XL:     8   Next: 29%
Magic:  7/7        EV: 11    Int:  6    God:
Gold:   205        SH:  0    Dex: 14    Spells: 0 memorised, 7 levels left

rFire  . . .     SeeInvis .       - Unarmed
rCold  . . .     Clarity  .     a - +0 robe
rNeg   . . .     SustAt   .     (no shield)
rPois  +         Gourm    +     (helmet restricted)
rElec  .         Spirit   .     p - +0 cloak
rCorr  .         Warding  .     (gloves unavailable)
rMut   .         Stasis   .     (boots unavailable)
MR     .....                    (no amulet)
Stlth  ++........               (no ring)
                                e - ring of poison resistance

@: not resistant to hostile enchantments, unstealthy
A: unfitting armour, claws 3, fast metabolism 3, gourmand, regeneration 2,
shaggy fur 1, tough skin 2
a: no special abilities


You were on level 4 of the Dungeon.
You were completely stuffed.

You visited 1 branch of the dungeon, and saw 4 of its levels.

You collected 205 gold pieces.

Inventory:

Armour
 a - a +0 robe (worn)
 p - a +0 cloak (worn)
Jewellery
 e - a ring of poison resistance (left claw)
 o - a +2 ring of evasion {unknown}
Scrolls
 c - 2 scrolls of enchant armour {unknown}
 d - 2 scrolls of teleportation {unknown}
 f - 3 scrolls of identify {unknown}
 g - a scroll of amnesia {unknown}
 h - 6 scrolls of enchant weapon {unknown}
 j - a scroll of magic mapping {unknown}
 n - a scroll of noise {unknown}
 s - a scroll of fog {unknown}
 t - a scroll of blinking {unknown}
 u - a scroll of recharging {unknown}
Potions
 l - a potion of degeneration {unknown}
 m - 2 potions of curing {unknown}
 q - 2 potions of heal wounds {unknown}
Comestibles
 b - 4 bread rations
 i - 2 meat rations
 k - a beef jerky


   Skills:
 + Level 3.4 Fighting
 + Level 3.3 Dodging
 - Level 1.1 Stealth
 - Level 10.0 Unarmed Combat


You had 7 spell levels left.
You didn't know any spells.

Dungeon Overview and Level Annotations

Branches:
Dungeon (4/15)
 Temple: D:4-7

Altars:
Ashenzari
Nemelex Xobeh
Zin


Innate Abilities, Weirdness & Mutations

You are too large for most types of armour.
You have claws for hands.
Your metabolism is lightning-fast.
You like to eat raw meat.
You heal very quickly.
You are covered in fur (AC +1).
You have very tough skin (AC +2).


Message History

The phantom is almost destroyed.
The phantom hits you!
* * * LOW HITPOINT WARNING * * *
You barely miss the phantom.
The phantom is almost destroyed.
The phantom hits you.
* * * LOW HITPOINT WARNING * * *
You closely miss the phantom.
The phantom is almost destroyed.
The phantom hits you.
* * * LOW HITPOINT WARNING * * *
You scratch the phantom.
The phantom is almost destroyed.
The phantom closely misses you.
You closely miss the phantom.
The phantom is almost destroyed.
You scratch the phantom but do no damage.
The phantom is almost destroyed.
The phantom hits you!
You die...

######## # #......#
...###......#
.........W.=# #)..@..#
##.....# ##### .
#.....# #...
....###.....###.######.
.......................
###.######.####....###
#.# #....# #.# #....# #
#. #.# #....# #.#.


You could see a phantom.

Vanquished Creatures
  The ghost of herpmino the Sneak, an average OpFi (D:4)
  Sigmund (D:4)
  Eustachio (D:4)
  Menkaure (D:4)
  2 ogres
  The ghost of HEYYEYAAE the Gusty, an average HuAE (D:3)
  A hound (D:4)
  3 orc wizards
  An iguana (D:4)
  A centaur skeleton (D:4)
  3 worker ants (D:4)
  5 gnolls
  6 adders
  A worm (D:3)
  5 giant geckos
  4 orcs
  7 bats
  2 giant cockroaches
  10 hobgoblins
  2 jackals (D:1)
  9 kobolds
  A quokka (D:4)
  6 giant newts
  5 goblins
  A jackal skeleton (D:4)
  7 rats
87 creatures vanquished.

Notes
Turn   | Place    | Note
--------------------------------------------------------------
     0 | D:1      | urechis the Troll Monk began the quest for the Orb.
     0 | D:1      | Reached XP level 1. HP: 22/22 MP: 0/0
    85 | D:1      | Reached XP level 2. HP: 29/29 MP: 1/1
   202 | D:1      | Reached skill level 5 in Unarmed Combat
   254 | D:1      | Reached XP level 3. HP: 36/36 MP: 2/2
  1185 | D:2      | Found a shattered altar of Ashenzari.
  1195 | D:2      | Reached XP level 4. HP: 42/44 MP: 3/3
  1355 | D:3      | Found a glowing silver altar of Zin.
  1393 | D:3      | Reached skill level 6 in Unarmed Combat
  1449 | D:3      | Reached XP level 5. HP: 29/50 MP: 4/4
  1575 | D:3      | Noticed HEYYEYAAE's ghost (average HuAE)
  1583 | D:3      | Killed HEYYEYAAE's ghost
  1583 | D:3      | Reached skill level 7 in Unarmed Combat
  1659 | D:3      | Reached XP level 6. HP: 55/59 MP: 5/5
  1709 | D:3      | Noticed an ogre
  1717 | D:3      | Killed an ogre
  1719 | D:3      | Reached skill level 8 in Unarmed Combat
  1894 | D:4      | Noticed herpmino's ghost (average OpFi)
  1904 | D:4      | Killed herpmino's ghost
  1904 | D:4      | Reached XP level 7. HP: 35/66 MP: 6/6
  1930 | D:4      | Reached skill level 9 in Unarmed Combat
  1951 | D:4      | Noticed Sigmund
  1955 | D:4      | Killed Sigmund
  1963 | D:4      | Found a sparkling altar of Nemelex Xobeh.
  1987 | D:4      | Noticed Eustachio
  1996 | D:4      | Killed Eustachio
  1996 | D:4      | Reached skill level 10 in Unarmed Combat
  2048 | D:4      | Reached XP level 8. HP: 71/74 MP: 7/7
  2052 | D:4      | Noticed Menkaure
  2056 | D:4      | Killed Menkaure
  2151 | D:4      | HP: 3/75 [phantom (5)]
  2152 | D:4      | HP: 1/75 [phantom (2)]
  2155 | D:4      | Mangled by a phantom

Vault maps used:
D:1:      saegor_arrival_miasma, st_stairs_10, minmay_hedge_maze,
          dk_noncrumbling_3
D:2:      overflow_temple_1_default, first_bread, minivault_27
D:3:      lemuel_crystal_altar
D:4:      kennysheep_mini_moat, nemelex_deck, uniq_eustachio, uniq_pikel,
          uniq_menkaure, uniq_sigmund

Action                   |  1- 3 |  4- 6 |  7- 9 || total
-------------------------+-------+-------+-------++-------
Melee: Unarmed           |    94 |   109 |    51 ||   254
 Stab: Sleeping          |     2 |     2 |     2 ||     6
  Eat: Chunk             |     9 |    12 |     4 ||    25
